 Dungeon Crawl Stone Soup version 0.19-a0-442-g8935a21 (webtiles) character file.

116 Ordine the Changer (level 5, -2/33 HPs)
             Began as an Octopode Transmuter on May 31, 2016.
             Slain by a worm (10 damage)
             ... on level 2 of the Dungeon.
             The game lasted 00:06:10 (2254 turns).

Ordine the Changer (Octopode Transmuter)            Turns: 2254, Time: 00:06:10

Health: -2/33      AC:  2    Str:  9    XL:     5   Next: 0%
Magic:  5/8        EV: 19    Int: 17    God:
Gold:   84         SH:  0    Dex: 17    Spells: 2 memorised, 4 levels left

rFire  . . .     SeeInvis .       - Unarmed
rCold  . . .     Gourm    .     (shield currently unavailable)
rNeg   . . .     Faith    .     (helmet currently unavailable)
rPois  x         Spirit   .     (no amulet)
rElec  .         Dismiss  .     (no ring)
rCorr  .         Reflect  .     (no ring)
SustAt .         Harm     .     (no ring)
MR     .....                    (no ring)
Stlth  ++........               (no ring)
                                (no ring)
                                (no ring)
                                (no ring)

@: lethally poisoned (-2 -> -4), spider-form, not resistant to hostile
enchantments, unstealthy
A: almost no armour, (amphibious), 8 rings, (constrict 8), (camouflage 0),
(gelatinous body 0)
a: End Transformation


You were on level 2 of the Dungeon.
You were not hungry.
You were a venomous arachnid creature.
You visited 1 branch of the dungeon, and saw 2 of its levels.

You collected 84 gold pieces.

Inventory:

Armour
 i - a +2 hat (melded)
Jewellery
 d - an uncursed ring of fire
Scrolls
 h - a scroll of fear
Potions
 e - a potion of curing {unknown}
 f - 3 potions of heal wounds
 g - a potion of cure mutation
Books
 b - a book of Changes

   Spells                             Type                      Level
   a - Beastly Appendage              Transmutation                1
   b - Sticks to Snakes               Transmutation                2
   c - Spider Form                    Transmutation/Poison         3
   d - Ice Form                       Ice/Transmutation            4
   e - Blade Hands                    Transmutation                5
Comestibles
 c - 2 bread rations
 j - 3 chunks of flesh


   Skills:
 - Level 1.0 Fighting
 - Level 2.0 Dodging
 - Level 3.0 Unarmed Combat
 - Level 2.0 Spellcasting
 + Level 5.0 Transmutations


You had 4 spell levels left.
You knew the following spells:

 Your Spells              Type           Power        Failure   Level  Hunger
a - Beastly Appendage     Tmut           ###...       10%         1    #......
b - Spider Form           Tmut/Pois      ##........   41%         3    ###....


Dungeon Overview and Level Annotations

Branches:
Dungeon (2/15)

Altars:


Innate Abilities, Weirdness & Mutations

You cannot wear most types of armour.
((You are amphibious.))
You can wear up to eight rings at the same time.
((You can use your tentacles to constrict eight enemies at once.))
((Your skin changes colour to match your surroundings (Stealth+).))
((Your rubbery body absorbs attacks. (AC +1)))


Message History

You feel sick.
You hit Terence but do no damage.
Terence looks even sicker.
Terence is severely wounded.
Terence misses you.
You closely miss Terence.
Terence is severely wounded.
You kill Terence!
Your Transmutations skill increases to level 5!
You have reached level 5!
You feel clever.
You completely miss the worm.
You feel sick. The worm bites you!
* * * LOW HITPOINT WARNING * * *
You are too injured to fight recklessly!
You are too injured to fight recklessly!
You hit the worm.
The worm is poisoned.
The worm is moderately wounded.
You hit the worm.
The worm is heavily wounded.
The worm bites you!
You die...

#######...#..# .......
........###.##......?...
........# #.# #.........
........# #.###.........
........# #.#...........
...########..>#.........
....# ##.............$.
.................w....%.
..........#.....s)......
....#...................
....#..#....#...........
.........#.........<....
......................>.
............#...........
......#.......##########
....... ....## .....#
#..#


You could see a worm.

Vanquished Creatures
  Ijyb (D:2)
  Terence (D:2)
  3 adders (D:2)
  A dart slug (D:2)
  2 giant geckos
  A giant cockroach (D:2)
  4 goblins
  3 hobgoblins
  8 kobolds
  7 bats
  3 giant newts (D:2)
  5 rats
39 creatures vanquished.

Notes
Turn   | Place    | Note
--------------------------------------------------------------
     0 | D:1      | Ordine the Octopode Transmuter began the quest for the Orb.
     0 | D:1      | Reached XP level 1. HP: 13/13 MP: 3/3
   272 | D:1      | Reached XP level 2. HP: 18/18 MP: 5/5
   596 | D:1      | Reached skill level 3 in Transmutations
  1182 | D:1      | Gained mutation: You are weak. (Str -2) [potion of mutation]
  1182 | D:1      | Gained mutation: Your magical capacity is low. (-10% MP) [potion of mutation]
  1182 | D:1      | Gained mutation: You are robust. (+10% HP) [potion of mutation]
  1183 | D:1      | Lost mutation: Your magical capacity is low. (-10% MP) [potion of cure mutation]
  1183 | D:1      | Lost mutation: You are robust. (+10% HP) [potion of cure mutation]
  1183 | D:1      | Lost mutation: You are weak. (Str -2) [potion of cure mutation]
  1207 | D:2      | Reached XP level 3. HP: 9/23 MP: 6/6
  1453 | D:2      | Learned a level 3 spell: Spider Form
  1742 | D:2      | Noticed Ijyb
  1752 | D:2      | Killed Ijyb
  1752 | D:2      | Reached skill level 4 in Transmutations
  1752 | D:2      | Reached XP level 4. HP: 19/28 MP: 7/7
  2240 | D:2      | Noticed Terence
  2251 | D:2      | Killed Terence
  2251 | D:2      | Reached skill level 5 in Transmutations
  2251 | D:2      | Reached XP level 5. HP: 19/33 MP: 4/8
  2254 | D:2      | Slain by a worm

Vault maps used:
D:1:      lightli_arrival_isolated_outpost, minmay_misc_feat_square,
          dk_noncrumbling_4
D:2:      uniq_iyjb, uniq_terence

Skill      XL: |  1  2  3  4 |
---------------+-------------+-----
Transmutations | 3 4 5 |  5.0
Fighting       | |  1.0
Dodging        | |  2.0
Unarmed Combat | |  3.0
Spellcasting   | |  2.0

Action                   |  1- 3 |  4- 6 || total
-------------------------+-------+-------++-------
Melee: Unarmed           |    78 |    25 ||   103
       Constrict         |    20 |     2 ||    22
       Tentacles         |    14 |     1 ||    15
       Punch             |       |     1 ||     1
 Cast: Spider Form       |       |     1 ||     1
  Use: Scroll            |     3 |     3 ||     6
       Potion            |     2 |       ||     2
 Stab: Sleeping          |     7 |     1 ||     8
  Eat: Chunk             |     2 |     2 ||     4
Armor: Skin              |     6 |       ||     6
Dodge: Dodged            |    37 |    12 ||    49
